 Dungeon Crawl Stone Soup version 0.31-a0-1009-g454b1f1e0a (webtiles) character file.

Game seed: 4139503368943245838

1537 EC1 the Cleaver (level 8, 0/70 HPs)
             Began as a Minotaur Fighter on Nov 16, 2023.
             Was an Initiate of Okawaru.
             Slain by Joseph
             ... wielding a +0 quarterstaff
              (2 damage)
             ... on level 7 of the Dungeon.
             The game lasted 00:16:50 (7804 turns).

EC1 the Cleaver (Minotaur Fighter)                  Turns: 7804, Time: 00:16:51

Health: 0/70       AC:  8    Str: 24    XL:     8   Next: 56%
Magic:  7/7        EV: 10    Int:  5    God:    Okawaru [......]
Gold:   321        SH:  6    Dex:  9    Spells: 7/7 levels left

rFire   . . .        F - +4 mace
rCold   . . .        c - +1 buckler
rNeg    . . .        b - +0 scale mail
rPois   .            (helmet restricted)
rElec   .            (no cloak)
rCorr   .            (no gloves)
SInv    +            (no boots)
Will    .....        (no amulet) Stlth
                     o - ring of see invisible
HPRegen 0.31/turn    (no ring)
MPRegen 0.10/turn

%: no passive effects
@: no status effects
A: horns 2, retaliatory headbutt
a: Renounce Religion


You were on level 7 of the Dungeon.
You worshipped Okawaru.
Okawaru was noncommittal.
You visited 2 branches of the dungeon, and saw 8 of its levels.
You also visited: Sewer.

You collected 321 gold pieces.

Inventory:

Hand Weapons
 a - a +1 war axe of freezing
 e - a +2 dagger of speed
 t - a +1 heavy flail
 E - a +0 morningstar
 F - a +4 mace (weapon)
Missiles
 s - a throwing net
 I - 5 atropa-tipped darts
Armour
 b - a +0 scale mail (worn)
 c - a +1 buckler (worn)
 f - a +0 animal skin
 q - a +0 robe
Magical Staves
 l - a staff of poison
Jewellery
 o - a ring of see invisible (left hand)
 z - a ring of magical power
 B - a ring of poison resistance
 H - a ring of poison resistance
Talismans
 m - a flux talisman
Scrolls
 h - 7 scrolls of identify
 i - a scroll of blinking
 n - a scroll of teleportation
 p - 2 scrolls of fear
 u - a scroll of vulnerability
 w - a scroll of torment {unknown}
 y - a scroll of summoning {unknown}
 C - a scroll of enchant weapon
 D - a scroll of amnesia {unknown}
 G - a scroll of revelation {unknown}
Potions
 d - 2 potions of might
 g - 2 potions of lignification
 j - a potion of brilliance
 k - a potion of magic
 r - 2 potions of curing
 v - a potion of enlightenment {unknown}
 x - a potion of berserk rage {unknown}
 A - a potion of mutation {unknown}
 J - a potion of heal wounds {unknown}


   Skills:
 + Level 6.1 Fighting
 + Level 8.5 Axes
 + Level 0.8(5.3) Maces & Flails
 + Level 7.4 Armour
 + Level 2.9 Dodging
 + Level 0.8 Stealth
 + Level 5.4 Shields


You had 7 spell levels left.
You didn't know any spells.
Your spell library contained the following spells:

 Spells                   Type           Power      Damage    Failure   Level
 Kiss of Death            Conj/Necr      0%         2d5       80%         1
 Shock                    Conj/Air       0%         1d3       80%         1
 Cigotuvi's Dreadful Rot  Necr/Pois/Air  0%         N/A       91%         2
 Ensorcelled Hibernation  Hex/Ice        0%         N/A       91%         2
 Passwall                 Tmut/Erth      0%         N/A       91%         2
 Confusing Touch          Hex            0%         N/A       99%         3
 Ignite Poison            Fire/Tmut/Pois 0%         N/A       99%         3
 Swiftness                Air            0%         N/A       99%         3
 Airstrike                Air            0%         2d(0-16)  100%        4
 Dimensional Bullseye     Hex/Tloc       0%         N/A       100%        4
 Dispel Undead            Necr           0%         3d6       100%        4
 Iskenderun's Mystic Bla  Conj/Tloc      0%         2d3       100%        4
 Vhi's Electric Charge    Tloc/Air       0%         N/A       100%        4
 Arcjolt                  Conj/Air       0%         1d10      100%        5
 Freezing Cloud           Conj/Ice/Air   0%         6-21      100%        5
 Plasma Beam              Fire/Air       0%         2x1d10    100%        6
 Tukima's Dance           Hex            Unusable   N/A       N/A         3

Dungeon Overview and Level Annotations

Branches:
Dungeon (7/15)             Temple (1/1) D:6           Sewer (visited)

Altars:
Ashenzari
Cheibriados
Dithmenos
Elyvilon
Fedhas
Gozag
Hepliaklqana
Kikubaaqudgha
Nemelex Xobeh
Okawaru
Qazlal
Ru
Sif Muna
Trog
Uskayaw
Vehumet
Wu Jian
Xom
Yredelemnul
Zin
The Shining One

Annotations:
D:7 Joseph


Innate Abilities, Weirdness & Mutations

You have a pair of horns on your head.
You reflexively headbutt those who attack you in melee.


Message History

The bullfrog barely misses you. You furiously retaliate!
You headbutt the bullfrog, but do no damage.
The bullfrog snags a nearby baby bat with its tongue.
The bullfrog hits you but does no damage.
You sock the bullfrog!
You kill the bullfrog!
Okawaru accepts your kill.
No target in view!
No target in view!
No target in view!
No target in view!
Joseph, a Mercenary comes into view.
He is wielding a +0 quarterstaff and wearing a +2 leather armour of positive energy.
Found an amethyst potion.
Joseph shouts!
You hear a shout!
Joseph unwields a +0 quarterstaff.
Joseph wields a +0 sling.
Joseph shoots a sling bullet.
The sling bullet hits you!
You see here a bullfrog corpse.
Joseph shoots a sling bullet.
The sling bullet barely misses you.
Joseph shoots a sling bullet.
The sling bullet hits you!
Joseph smiles happily.
Joseph unwields a +0 sling.
Joseph wields a +0 quarterstaff.
Joseph hits you with a +0 quarterstaff!
You hit Joseph. You headbutt Joseph!
Joseph is lightly wounded.
Joseph hits you with a +0 quarterstaff!
You hit Joseph but do no damage.
Joseph is lightly wounded.
You block Joseph's attack.
You sock Joseph! Your headbutt misses Joseph.
Joseph is moderately wounded.
Joseph hits you with a +0 quarterstaff!
* * * LOW HITPOINT WARNING * * *
You sock Joseph!
Joseph is moderately wounded.
Joseph hits you with a +0 quarterstaff!
* * * LOW HITPOINT WARNING * * *
You sock Joseph!
Joseph is heavily wounded.
Joseph hits you with a +0 quarterstaff.
You die...

## ! ##.
###################
#..##.@................
#....@#################
#...†.# .......#.#
....>......
....<....##..
.#...#.#.# ...
.......### .@ #### ## #


You could see Joseph.

Vanquished Creatures
  A water moccasin (D:5)
  Pargi (Sewer)
  3 ogres
  A centaur (D:6)
  A phantom (D:4)
  A bullfrog (D:7)
  4 scorpions
  An orc priest (D:5)
  2 gnoll boudas (D:5)
  2 hounds
  A sleepcap (D:6)
  2 iguanas
  3 orc wizards
  Robin (D:1)
  14 gnolls
  4 adders
  A shadow imp (D:6)
  A white imp (D:5)
  A worm (D:6)
  A dart slug (D:5)
  22 orcs
  4 endoplasms
  5 giant cockroaches
  20 goblins
  4 hobgoblins
  5 quokkas
  5 ball pythons
  5 bats
  3 frilled lizards
  16 kobolds
  2 rats
137 creatures vanquished.

Notes
Turn   | Place    | Note
-------+----------+-------------------------------------------
     0 | D:1      | EC1 the Minotaur Fighter began the quest for the Orb.
     0 | D:1      | Reached XP level 1. HP: 19/19 MP: 0/0
    88 | D:1      | Reached XP level 2. HP: 24/27 MP: 1/1
   547 | D:1      | Reached skill level 3 in Axes
   547 | D:1      | Reached XP level 3. HP: 31/34 MP: 2/2
   653 | D:2      | Noticed Robin
   811 | D:1      | Killed Robin
   831 | D:2      | Found an opulent altar of Gozag.
   898 | D:2      | Reached XP level 4. HP: 41/41 MP: 3/3
  1902 | D:3      | Found a bloodstained altar of Trog.
  2475 | D:4      | Noticed an ogre
  2481 | D:4      | Killed an ogre
  2482 | D:4      | Reached skill level 4 in Axes
  2482 | D:4      | Reached XP level 5. HP: 29/47 MP: 4/4
  3047 | D:4      | Noticed a phantom
  3054 | D:4      | Reached skill level 1 in Dodging
  3060 | D:4      | Killed a phantom
  3061 | D:4      | Reached skill level 5 in Axes
  3061 | D:4      | Reached XP level 6. HP: 49/55 MP: 5/5
  3112 | D:4      | Reached skill level 5 in Armour
  3260 | D:4      | Reached skill level 5 in Fighting
  4605 | D:5      | Entered Level 5 of the Dungeon
  4672 | D:5      | Reached skill level 6 in Axes
  4709 | D:5      | Reached XP level 7. HP: 17/61 MP: 6/6
  5169 | D:5      | Reached skill level 7 in Axes
  6126 | D:6      | Reached XP level 8. HP: 70/70 MP: 7/7
  6218 | D:6      | Found a glowing drain.
  6233 | Sewer    | Entered a sewer
  6236 | Sewer    | Noticed Pargi
  6248 | Sewer    | Killed Pargi
  6650 | D:6      | Reached skill level 5 in Shields
  6888 | D:6      | Reached skill level 8 in Axes
  6957 | D:6      | Found a staircase to the Ecumenical Temple.
  7033 | Temple   | Entered the Ecumenical Temple
  7144 | Temple   | Became a worshipper of Warmaster Okawaru
  7787 | D:7      | Noticed Joseph
  7803 | D:7      | HP: 2/70 [Joseph/+0 quarterstaff (14)]
  7804 | D:7      | Slain by Joseph

Illustrated notes

Levels and vault maps discovered:
D:1:      minmay_arrival_five_plusses, layout_loops_ring,
          nicolae_figureground_sparkle
D:2:      layout_rooms, basic_altar, uniq_robin
D:3:      layout_basic, general_overflow_altar
D:4:      layout_gridville, serial_forest, infiniplex_forest_clump_curved,
          infiniplex_forest_straight_5, infiniplex_forest_clump_double,
          infiniplex_forest_lined_room_, infiniplex_forest_straight_4,
          infiniplex_forest_end_2, infiniplex_forest_side_room
D:5:      layout_loops_cross, kennysheep_dice
D:6:      layout_loops_ring, minmay_temple_entry_poolview,
          cheibrodos_sewer_entry_bend, nicolae_letterblocks
          [nicolae_letter_subblock, nicolae_letter_subblock,
          nicolae_letter_subblock, nicolae_letter_subblock,
          nicolae_letter_subblock, nicolae_letter_subblock,
          nicolae_letter_subblock, nicolae_letter_subblock,
          nicolae_letter_subblock, nicolae_letter_subblock,
          nicolae_letter_subblock, nicolae_letter_subblock,
          nicolae_letter_subblock, nicolae_letter_subblock,
          nicolae_letter_subblock, nicolae_letter_subblock,
          nicolae_letter_subblock, nicolae_letter_subblock,
          nicolae_letter_subblock, nicolae_letter_subblock,
          nicolae_letter_subblock, nicolae_letter_subblock,
          nicolae_letter_subblock, nicolae_letter_subblock,
          nicolae_letter_subblock]
D:7:      layout_basic, uniq_joseph
Temple:   mainiacjoe_temple_big_plus

Skill      XL: |  1  2  3  4  5  6  7  8 |
---------------+-------------------------+-----
Fighting       | 4 5 6 |  6.1
Axes           | 3 4 5 6 7 8 |  8.5
Armour         | 4 5 6 7 |  7.4
Shields        | 4 5 |  5.4
Dodging        | 1 2 |  2.9
Maces & Flails | |  0.8
Stealth        | |  0.8

Action                     |  1- 3 |  4- 6 |  7- 9 || total
---------------------------+-------+-------+-------++-------
  Melee: War axe           |    78 |   102 |   135 ||   315
         Headbutt          |     5 |    13 |    24 ||    42
         Mace              |       |       |    26 ||    26
    Use: Scroll            |     5 |     3 |     4 ||    12
 Armour: Scale mail        |    85 |    66 |   120 ||   271
  Dodge: Dodged            |    43 |    48 |    58 ||   149
  Block: Buckler           |    18 |    31 |    38 ||    87

Table legend: (Time is in decaauts)
 A = Elapsed time spent in this place.
 B = Non-inter-level travel time spent in this place.
 C = Inter-level travel time spent in this place.
 D = Time resting spent in this place.
 E = Time spent auto-exploring this place.
 F = Levels seen in this place.
 G = Mean time per level.
                   A        B        C        D        E       F      G
               +--------+--------+--------+--------+--------+-----+--------+
         Total |   7909 |   7825 |     84 |   1767 |   2408 |   9 |  878.8 |
       Dungeon |   7403 |   7319 |     84 |   1667 |   2232 |   7 | 1057.6 |
        Temple |    145 |    145 |      0 |      0 |      0 |   1 |  145.0 |
         Sewer |    360 |    360 |      0 |    100 |    176 |   1 |  360.0 |
               +--------+--------+--------+--------+--------+-----+--------+

Top non-repeatable levels by time:
     D:4: 2092 daAuts
     D:5: 1363 daAuts
     D:3: 1155 daAuts
     D:6: 1087 daAuts
     D:1: 840 daAuts
     D:2: 577 daAuts
   Sewer: 360 daAuts
     D:7: 286 daAuts
  Temple: 145 daAuts
